 Dungeon Crawl Stone Soup version 0.28.0-43-g3370ac3207 (webtiles) character file.

Game seed: 13114337939126109637

48 fknight the Chopper (level 3, -3/33 HPs)
             Began as a Hill Orc Monk on Mar 3, 2022.
             Killed from afar by a dart slug (5 damage)
             ... with a slug dart
             ... on level 2 of the Dungeon.
             The game lasted 00:03:19 (1606 turns).

fknight the Chopper (Hill Orc Monk)                 Turns: 1606, Time: 00:03:21

Health: -3/33      AC:  2    Str: 21    XL:     3   Next: 72%
Magic:  3/3        EV: 12    Int: 10    God:
Gold:   35         SH:  0    Dex: 13    Spells: 2/2 levels left

rFire   . . .      SeeInvis .   a - +0 hand axe
rCold   . . .      Faith    .   (no shield)
rNeg    . . .      Spirit   .   b - +0 robe
rPois   .          Reflect  .   (no helmet)
rElec   .          Harm     .   (no cloak)
rCorr   .          Rampage  .   (no gloves)
Will    .....                   (no boots)
Stlth   ++........              (no amulet)
HPRegen 0.11/turn               g - +6 ring of strength
MPRegen 0.08/turn               (no ring)

@: no status effects
A: no striking features
a: no special abilities


You were on level 2 of the Dungeon.
You visited 1 branch of the dungeon, and saw 2 of its levels.

You collected 35 gold pieces.

Inventory:

Hand Weapons
 a - a +0 hand axe (weapon)
 d - a +0 dagger of draining
 i - a +1 mace of venom
Missiles
 c - 69 stones (quivered)
Armour
 b - a +0 robe (worn)
Magical Staves
 f - a staff of conjuration
Jewellery
 g - a +6 ring of strength (left hand)
Potions
 k - a potion of heal wounds {unknown}
 l - 2 potions of brilliance


   Skills:
 + Level 4.2 Fighting
 + Level 4.5 Axes
 + Level 2.8 Dodging
 + Level 2.2 Stealth


You had 2 spell levels left.
You didn't know any spells.
Your spell library was empty.

Dungeon Overview and Level Annotations

Branches:
Dungeon (2/15)

Altars:


Message History

You hit the adder.
You kill the adder!
You hit the rat but do no damage.
You feel sick. The rat bites you.
A dart slug, a kobold and a quokka come into view.
You feel sick.
The kobold shouts!
You see here an adder corpse.
A giant cockroach comes into view.
Found 2 lumpy ruby potions.
You feel sick.
You miss the quokka. You barely miss the rat.
You feel sick.
You are no longer poisoned.
The quokka misses you. The rat misses you. The quokka bites you.
You barely miss the quokka. You hit the rat.
You kill the rat!
You hit the endoplasm. The endoplasm freezes you.
You are frozen.
* * * LOW HITPOINT WARNING * * *
The quokka barely misses you.
You hit the quokka.
The quokka is almost dead.
You hit the endoplasm.
You kill the endoplasm!
The quokka bites you.
* * * LOW HITPOINT WARNING * * *
You barely miss the quokka.
The quokka is almost dead.
You hit the dart slug. You hit the kobold.
You kill the kobold!
The quokka bites you.
* * * LOW HITPOINT WARNING * * *
The dart slug barely misses you. The quokka closely misses you.
You closely miss the hobgoblin. You barely miss the dart slug.
You barely miss the quokka. You hit the dart slug but do no damage.
The hobgoblin hits you.
* * * LOW HITPOINT WARNING * * *
The quokka bites you but does no damage.
The dart slug launches a dart at you. The slug dart hits you.
You die...

# ####.######
..........#
....g.)...#
.###..##wg###!#.#
#....r@w......
........B.......
###..##..###.##.
.... #..# # ....
#..# ### #..#
#..# #...


You could see 2 dart slugs, a quokka, a giant cockroach and a hobgoblin.

Vanquished Creatures
  An adder (D:2)
  2 dart slugs (D:1)
  8 ball pythons (D:1)
  3 endoplasms
  A giant cockroach (D:1)
  2 goblins
  4 hobgoblins (D:1)
  A quokka (D:1)
  A bat (D:1)
  A frilled lizard (D:1)
  5 kobolds
  2 rats
31 creatures vanquished.

Notes
Turn   | Place    | Note
-------+----------+-------------------------------------------
     0 | D:1      | fknight the Hill Orc Monk began the quest for the Orb.
     0 | D:1      | Reached XP level 1. HP: 19/19 MP: 1/1
   501 | D:1      | Reached XP level 2. HP: 24/27 MP: 2/2
   951 | D:1      | Found a faded altar of an unknown god.
  1063 | D:1      | Reached XP level 3. HP: 33/33 MP: 3/3
  1606 | D:2      | Killed from afar by a dart slug

Illustrated notes

Levels and vault maps discovered:
D:1:      dpeg_arrival_round_a, layout_basic,
          hellmonk_ecumenical_altar_heavens_door, feat_on_display
D:2:      layout_loops_ring, basic_altar

Skill      XL: |  1  2 |
---------------+-------+-----
Fighting       | 4 |  4.2
Stealth        | 2 |  2.2
Axes           | |  4.5
Dodging        | |  2.8

Action                   || total
-------------------------++-------
Melee: Hand axe          ||    94
Throw: Stone             ||    25
  Use: Scroll            ||     3
 Stab: Sleeping          ||     2
Armor: Robe              ||    13
Dodge: Dodged            ||    77
